 Dungeon Crawl Stone Soup version 0.17-a0-1150-g17b0b87 (webtiles) character file.

119 zuul91 the Magician (level 4, -2/24 HPs)
             Began as a Deep Elf Wizard on May 27, 2015.
             Was an Initiate of Elyvilon.
             Slain by an adder (3 damage)
             ... on level 4 of the Dungeon.
             The game lasted 01:35:14 (5170 turns).

zuul91 the Magician (Deep Elf Wizard)               Turns: 5170, Time: 01:35:15

Health: -2/24      AC:  3    Str:  4    XL:     4   Next: 73%
Magic:  3/14       EV: 11    Int: 24    God:    Elyvilon [......]
Gold:   325        SH:  3    Dex: 13    Spells: 7 memorised, 0 levels left

rFire  . . .     SeeInvis +     r - +0 war axe
rCold  . . .     Clarity  .     h - +0 leather armour
rNeg   . . .     SustAt   .     a - +0 buckler
rPois  .         Gourm    .     b - +0 hat
rElec  .         Spirit   .     (no cloak)
rCorr  .         Warding  .     (no gloves)
rMut   .         Stasis   .     (no boots)
MR     .....                    (no amulet)
Stlth  ++........               (no ring)
                                j - ring of see invisible

@: lethally poisoned (-2 -> -3), not resistant to hostile enchantments,
unstealthy
A: no striking features
a: Renounce Religion


You were on level 4 of the Dungeon.
You worshipped Elyvilon.
Elyvilon was noncommittal.
You were not hungry.

You visited 1 branch of the dungeon, and saw 4 of its levels.

You collected 405 gold pieces.
You paid 80 gold pieces to Gozag.

Inventory:

Hand weapons
 e - a +0 club
 p - a +0 hunting sling
 r - a +0 war axe (weapon)
Missiles
 i - 10 bolts (quivered)
 q - 29 stones
Armour
 a - a +0 buckler (worn)
 b - a +0 hat (worn)
 d - a +0 robe
 h - a +0 leather armour (worn)
 l - a +0 ring mail
 m - a +0 ring mail
Jewellery
 j - a ring of see invisible (left hand)
Magical devices
 k - a wand of random effects (31)
Scrolls
 f - a scroll of amnesia
 n - a scroll of magic mapping
Books
 c - a book of Minor Magic

   Spells                             Type                      Level
   a - Magic Dart                     Conjuration                  1
   b - Blink                          Translocation                2
   c - Call Imp                       Summoning                    2
   d - Repel Missiles                 Charms/Air                   2
   e - Slow                           Hexes                        2
   f - Conjure Flame                  Conjuration/Fire             3
   g - Mephitic Cloud                 Conjuration/Poison/Air       3
Comestibles
 o - 2 bread rations


   Skills:
 + Level 0.4 Armour
 + Level 2.7 Dodging
 + Level 2.8 Stealth
 + Level 6.3 Spellcasting
 + Level 1.5 Conjurations
 + Level 0.3 Hexes
 + Level 1.8 Summonings
 + Level 1.3 Translocations
 + Level 0.2 Fire Magic
 + Level 0.7 Poison Magic


You couldn't memorise any spells.
You knew the following spells:

 Your Spells              Type           Power        Failure   Level  Hunger
a - Magic Dart            Conj           ###.         14%         1    None
b - Call Imp              Summ           ###.....     21%         2    None
c - Blink                 Tloc           N/A          24%         2    None
d - Repel Missiles        Chrm/Air       #.....       34%         2    None
e - Slow                  Hex            #.......     34%         2    None
f - Conjure Flame         Conj/Fire      ##......     61%         3    None
g - Mephitic Cloud        Conj/Pois/Air  ##......     61%         3    None


Dungeon Overview and Level Annotations

Branches:
Dungeon (4/15)
 Temple: D:4-7

Altars:
Elyvilon
Gozag
Qazlal
Xom


Message History

You block the adder's attack.
You are too injured to fight recklessly!
* * * LOW HITPOINT WARNING * * *
You feel sick.
You are too injured to fight recklessly!
You are too injured to fight recklessly!
You are too injured to fight recklessly!
You are too injured to fight recklessly!
You are too injured to fight recklessly!
You are too injured to fight recklessly!
You are too injured to fight recklessly!
You are too injured to fight recklessly!
The adder barely misses you.
You are too injured to fight recklessly!
You are too injured to fight recklessly!
* * * LOW HITPOINT WARNING * * *
You feel sick.
You are too injured to fight recklessly!
The adder bites you.
You die...

,.#.####♣♣ ♣♣♣.♣♣♣ ♣♣.#### *,
**#......♣♣ ♣♣.....♣♣ ♣♣.....##**
##.......♣♣♣.......♣♣♣.......##
#...≈≈≈...♣...≈≈≈...♣...≈≈≈†..#
##..≈≈≈≈≈.....≈≈≈≈≈.....≈≈≈≈≈..##
#...≈≈♣≈≈...).≈≈_≈≈.....≈≈♣≈≈...#
....≈≈≈≈≈.....≈≈≈≈≈.....≈≈≈≈≈...#
.....≈≈≈...♣...≈≈≈...♣...≈≈≈.....
..........♣♣♣...@S..♣♣♣.........+
.........♣♣ ♣♣.....♣♣ ♣♣.....####
.......#♣♣ ♣♣♣.♣♣♣ ♣♣##..# *
#.....## ♣♣♣ ##.# ##..[## #.#
##'## ### ***#.# #(# #.# *,,..#
** #.# #.# *,**## *, ##.## #.#
*,* *,


You could see an adder.

Vanquished Creatures
  An adder (D:2)
  An ooze (D:3)
  2 worms (D:2)
  A giant gecko (D:2)
  An orc (D:3)
  7 bats
  2 giant cockroaches (D:1)
  10 goblins
  3 hobgoblins
  5 jackals
  8 kobolds
  12 giant newts
  7 rats
  A butterfly (D:2)
61 creatures vanquished.

Vanquished Creatures (collateral kills)
  2 adders (D:2)
  A gnoll (D:1)
  A worm (D:2)
  A giant gecko (D:3)
  2 ball pythons (D:2)
  A bat (D:1)
  2 hobgoblins (D:2)
  6 jackals
  3 kobolds
  A quokka (D:2)
  2 giant newts (D:2)
  5 goblins
  4 rats
  A butterfly (D:2)
32 creatures vanquished.

Vanquished Creatures (others)
  2 shadow imps
2 creatures vanquished.

Grand Total: 95 creatures vanquished

Notes
Turn   | Place    | Note
--------------------------------------------------------------
     0 | D:1      | zuul91 the Deep Elf Wizard began the quest for the Orb.
     0 | D:1      | Reached XP level 1. HP: 10/10 MP: 7/7
   132 | D:1      | Reached skill level 5 in Spellcasting
   276 | D:1      | Reached XP level 2. HP: 15/15 MP: 7/10
   281 | D:1      | Learned a level 2 spell: Call Imp
   294 | D:1      | Learned a level 2 spell: Blink
   297 | D:1      | Learned a level 2 spell: Repel Missiles
   300 | D:1      | Learned a level 2 spell: Slow
   906 | D:1      | Reached XP level 3. HP: 11/19 MP: 0/12
  1257 | D:2      | Learned a level 3 spell: Conjure Flame
  2091 | D:2      | Found a shimmering altar of Xom.
  2163 | D:2      | Reached skill level 6 in Spellcasting
  2311 | D:2      | Reached XP level 4. HP: 16/24 MP: 7/14
  2360 | D:2      | Learned a level 3 spell: Mephitic Cloud
  3347 | D:3      | Upgraded the game from 0.17-a0-1141-g3e25b61 to 0.17-a0-1150-g17b0b87
  3438 | D:3      | Found an opulent altar of Gozag.
  3453 | D:3      | Became a worshipper of Gozag Ym Sagoz the Greedy
  3575 | D:3      | Found a stormy altar of Qazlal.
  4645 | D:3      | HP: 1/24 [poisoned by an adder]
  5097 | D:4      | Found a white marble altar of Elyvilon.
  5113 | D:4      | Fell from the grace of Gozag
  5113 | D:4      | Became a worshipper of Elyvilon the Healer
  5169 | D:4      | HP: 1/24 [poisoned by an adder]
  5170 | D:4      | Slain by an adder

Vault maps used:
D:1:      dpeg_arrival_stonehenge_8_columns, nrook_mini_vaults,
          minmay_hedge_maze, kennysheep_boxes
D:2:      xom_butterflies, minmay_lizard_king
D:3:      old_standard_altar, nicolae_gozag_cash_rules_everything_around_me
D:4:      elyvilon_altar_3, uniq_sigmund

Action                   |  1- 3 |  4- 6 || total
-------------------------+-------+-------++-------
Melee: Club              |    83 |    18 ||   101
       War axe           |       |    12 ||    12
 Fire: Hunting sling     |       |    12 ||    12
 Cast: Magic Dart        |    66 |    49 ||   115
       Call Imp          |    24 |    20 ||    44
       Repel Missiles    |     1 |       ||     1
       Slow              |    10 |    10 ||    20
       Blink             |     3 |     7 ||    10
       Conjure Flame     |     2 |     4 ||     6
       Mephitic Cloud    |       |     4 ||     4
Evoke: Wand              |       |     1 ||     1
  Use: Scroll            |     5 |     7 ||    12
       Potion            |     2 |     3 ||     5
 Stab: Sleeping          |     1 |       ||     1
  Eat: Bread ration      |     1 |     1 ||     2
       Meat ration       |       |     1 ||     1
